 Dungeon Crawl Stone Soup version 0.29.0-13-gc9e81de378 (webtiles) character file.

Game seed: 3555170125549408223

18 Flippered the Sneak (level 2, 0/15 HPs)
             Began as a Vine Stalker Brigand on Sept 9, 2022.
             Was a High Priest of Ignis.
             Slain by Sigmund
             ... wielding a +0 scythe
              (7 damage)
             ... on level 2 of the Dungeon.
             The game lasted 00:02:47 (1053 turns).

Flippered the Sneak (Vine Stalker Brigand)          Turns: 1053, Time: 00:02:47

Health: 0/15       AC:  4    Str: 13    XL:     2   Next: 70%
Magic:  0/3        EV: 11    Int: 11    God:    Ignis [*****.]
Gold:   64         SH:  0    Dex: 15    Spells: 1/1 levels left

rFire   + . .      SeeInvis .   p - +2 short sword (drain)
rCold   . . .      Faith    .   (no shield)
rNeg    . . .      Spirit   +   b - +0 robe
rPois   .          Reflect  .   a - +0 helmet
rElec   .          Harm     .   c - +0 cloak
rCorr   .          Rampage  .   (no gloves)
Will    .....                   (no boots)
Stlth   +++.......              (no amulet)
HPRegen 0.05/turn               (no ring)
MPRegen 0.08/turn               (no ring)

@: no status effects
A: fangs 2, magic shield, antimagic bite, no potion heal 2
a: Renounce Religion, Fiery Armour, Foxfire Swarm, Rising Flame


You were on level 2 of the Dungeon.
You worshipped Ignis.
Ignis was extremely pleased with you.
You visited 1 branch of the dungeon, and saw 2 of its levels.

You collected 64 gold pieces.

Inventory:

Hand Weapons
 p - a +2 short sword of draining (weapon)
Missiles
 d - 8 poisoned darts (quivered)
 e - 3 curare-tipped darts
Armour
 a - a +0 helmet (worn)
 b - a +0 robe (worn)
 c - a +0 cloak (worn)
Scrolls
 g - a scroll of enchant weapon {unknown}
 m - a scroll of blinking {unknown}
 n - 2 scrolls of identify {unknown}
 o - a scroll of teleportation {unknown}
Potions
 f - a potion of degeneration {unknown}
 i - a potion of ambrosia {unknown}
 j - a potion of resistance {unknown}
 k - a potion of flight {unknown}
 l - 2 potions of curing


   Skills:
 + Level 2.0 Fighting
 * Level 2.2 Short Blades
 - Level 1.7 Throwing
 - Level 0.7 Dodging
 * Level 5.2 Stealth


You had one spell level left.
You didn't know any spells.
Your spell library was empty.

Dungeon Overview and Level Annotations

Branches:
Dungeon (2/15)

Altars:
Ignis

Shops:
D:2 [

Annotations:
D:2 Sigmund


Innate Abilities, Weirdness & Mutations

You have extremely sharp teeth.
When hurt, damage is shared between your health and your magic reserves.
Your bite disrupts and absorbs the magic of your enemies.
Potions cannot restore your health.


Message History

Aim: Sigmund, wielding a +0 scythe and wearing a +0 robe (lightly wounded, poisoned, 55% to hit)
You throw a poisoned dart.
The poisoned dart closely misses Sigmund.
Throw: 12 darts (poison)
Press: ? - help, Q - select action, (/) - cycle Shift-Dir - straight line, f/p - Sigmund
Aim: Sigmund, wielding a +0 scythe and wearing a +0 robe (lightly wounded, poisoned, 55% to hit)
You throw a poisoned dart. The poisoned dart hits Sigmund.
Sigmund looks even sicker.
Sigmund is lightly wounded.
Sigmund casts a spell at you. The magic dart hits you!
Ouch! That really hurt!
Throw: 11 darts (poison)
Press: ? - help, Q - select action, (/) - cycle Shift-Dir - straight line, f/p - Sigmund
Aim: Sigmund, wielding a +0 scythe and wearing a +0 robe (heavily wounded, 55% to hit)
You throw a poisoned dart.
The poisoned dart closely misses Sigmund.
Sigmund casts a spell at you. The magic dart hits you.
Throw: 10 darts (poison)
Press: ? - help, Q - select action, (/) - cycle Shift-Dir - straight line, f/p - Sigmund
Aim: Sigmund, wielding a +0 scythe and wearing a +0 robe (heavily wounded, 55% to hit)
You throw a poisoned dart.
The poisoned dart closely misses Sigmund.
Throw: 9 darts (poison)
Press: ? - help, Q - select action, (/) - cycle Shift-Dir - straight line, f/p - Sigmund
Aim: Sigmund, wielding a +0 scythe and wearing a +0 robe (heavily wounded, 55% to hit)
You throw a poisoned dart. The poisoned dart hits Sigmund.
Sigmund is poisoned.
Sigmund is heavily wounded.
Sigmund casts a spell at you.
You are confused.
You bump into the rock wall.
You're too confused to move!
Sigmund mumbles some strange words.
Sigmund flickers and vanishes!
Deactivating autopickup; reactivate with Ctrl-A.
You are too injured to fight recklessly!
It was a potion of curing.
Your system rejects the healing.
You feel better. Something hits you!
You die...

#.# #.##.# #.####
######.##.### #....#
#...........# ####.#
#.#####.....### #.#
#....@)......... #.##
#.#####<....#### #..#
#.# #.....# # ##.#
#(######.#(.# .# #.#
#.(.{.@.###(## ##.#
#.#####..#####.#..(##
.(# #.#......#
##.....###.# #.#.###..#
#.......@..# #.#.# #..#
##.....#####.# #.#.#
#..# ##...######.##
#.#.# #..# ##..<.<.....
#.#.#
#..########.#######.###
#.#.# #..#.........##
#.....


There were no monsters in sight!

Vanquished Creatures
  An endoplasm (D:2)
  A goblin (D:2)
  2 hobgoblins (D:1)
  5 kobolds
  3 ball pythons (D:1)
  3 bats (D:1)
  2 frilled lizards (D:1)
  A rat (D:1)
18 creatures vanquished.

Notes
Turn   | Place    | Note
-------+----------+-------------------------------------------
     0 | D:1      | Flippered the Vine Stalker Brigand began the quest for the
                  | Orb.
     0 | D:1      | Reached XP level 1. HP: 11/11 MP: 2/2
    24 | D:1      | Reached skill level 5 in Stealth
   246 | D:1      | Reached XP level 2. HP: 15/15 MP: 3/3
   650 | D:2      | Found Zowkituv's Antique Armour Boutique.
   669 | D:2      | Found a faded altar of an unknown god.
   683 | D:2      | Prayed at the altar of an unknown god.
   683 | D:2      | Became a worshipper of Ignis, the Dying Flame
   899 | D:2      | Noticed Sigmund
  1053 | D:2      | Slain by Sigmund

Illustrated notes

Levels and vault maps discovered:
D:1:      co_arrival_square_in_a_square_in_a_square, layout_basic,
          grunt_decor_fettered, minmay_tromino_v4_a
D:2:      layout_loops_ring, serial_shops, nicolae_shop_overgrown_old_shop,
          ebering_ecumenical_altar_abandoned, uniq_sigmund

Skill      XL: |  1  2 |
---------------+-------+-----
Stealth        | 5 |  5.2
Short Blades   | 2 |  2.2
Fighting       | 2 |  2.0
Throwing       | |  1.7
Dodging        | |  0.7

Action                   || total
-------------------------++-------
Melee: Dagger            ||    34
       Bite              ||     5
Throw: Dart              ||     7
  Use: Potion            ||     1
 Stab: Sleeping          ||     5
Armor: Robe              ||     9
Dodge: Dodged            ||    14
